 Dungeon Crawl Stone Soup version 0.22.1-1-ga44c0e56f4 (webtiles) character file.

599 Jynx the Changer (level 7, -1/52 HPs)
             Began as a Red Draconian Transmuter on Nov 4, 2018.
             Was an Initiate of Makhleb.
             Slain by an orc priest
             ... wielding a +0 flail
              (9 damage)
             ... on level 5 of the Dungeon.
             The game lasted 00:11:54 (5948 turns).

Jynx the Changer (Red Draconian Transmuter)         Turns: 5948, Time: 00:11:54

Health: -1/52      AC:  2    Str: 12    XL:     7   Next: 17%
Magic:  9/13       EV: 19    Int: 14    God:    Makhleb [......]
Gold:   210        SH:  0    Dex: 18    Spells: 8/14 levels left

rFire    . . .     SeeInvis .     - Unarmed
rCold    . . .     Gourm    .   (shield currently unavailable)
rNeg     . . .     Faith    .   (armour unavailable)
rPois    .         Spirit   .   (helmet currently unavailable)
rElec    .         Reflect  .   (cloak currently unavailable)
rCorr    .         Harm     .   (gloves currently unavailable)
MR       +....                  (boots currently unavailable)
Stlth    ++........             (no amulet)
HPRegen  0.17/turn              m - ring of protection from magic
MPRegen  0.13/turn              n - ring of poison resistance

@: spider-form (expiring)
A: tiny, (breathe fire), unfitting armour, AC +6
a: End Transformation, Renounce Religion


You were on level 5 of the Dungeon.
You worshipped Makhleb.
Makhleb was noncommittal.
You were not hungry.
You were a venomous arachnid creature.
You visited 2 branches of the dungeon, and saw 6 of its levels.

You collected 210 gold pieces.

Inventory:

Missiles
 a - 97 arrows
Armour
 e - a +0 pair of boots (melded)
 i - a scarf of repulsion (melded)
Jewellery
 m - a ring of protection from magic (left front leg)
 n - a ring of poison resistance (right front leg)
 v - an uncursed amulet of guardian spirit
Wands
 j - a wand of paralysis (14)
 A - a wand of acid (7)
Scrolls
 b - a scroll of teleportation
 d - 4 scrolls of amnesia
 f - 2 scrolls of enchant weapon {unknown}
 h - 2 scrolls of remove curse {unknown}
 q - a scroll of random uselessness {unknown}
 r - a scroll of magic mapping {unknown}
 y - a scroll of identify
 z - a scroll of enchant armour {unknown}
Potions
 g - 2 potions of heal wounds {unknown}
 k - a potion of brilliance {unknown}
 l - a potion of curing {unknown}
 o - a potion of magic {unknown}
 p - a potion of agility {unknown}
 s - 2 potions of degeneration {unknown}
 t - a potion of invisibility {unknown}
 u - a potion of might {unknown}
 w - a potion of haste
 x - a potion of resistance {unknown}
Comestibles
 c - 12 rations
 B - a chunk of flesh


   Skills:
 - Level 1.1 Fighting
 - Level 1.7 Dodging
 + Level 4.7 Unarmed Combat
 + Level 4.0 Spellcasting
 * Level 5.8 Transmutations


You had 8 spell levels left.
You knew the following spells:

 Your Spells              Type           Power        Failure   Level  Hunger
a - Beastly Appendage     Tmut           ###...       8%          1    None
b - Sticks to Snakes      Tmut           ###.....     10%         2    ##.....
c - Spider Form           Tmut/Pois      ##........   36%         3    ###....

Your spell library contained the following spells:

 Spells                   Type           Power        Failure   Level  Hunger
 Blade Hands              Tmut           ###.......   65%         5    ######.
 Ice Form                 Ice/Tmut       ##......     71%         4    ####...


Dungeon Overview and Level Annotations

Branches:
Dungeon (5/15)             Temple (1/1) D:4

Altars:
Dithmenos
Gozag
Makhleb
Nemelex Xobeh
Qazlal
Trog
Uskayaw
Vehumet
Wu Jian
Zin
The Shining One

Shops:
D:5 (

Annotations:
D:3 3 runed doors, Nixze's ghost, amateur DEFE


Innate Abilities, Weirdness & Mutations

((You can breathe blasts of fire.))
((Your fiery red scales are hard. (AC +6)))
You cannot fit into any form of body armour.
((Your flesh is heat resistant. (rF+)))
((You are cold-blooded and may be slowed by cold attacks.))


Message History

Your Spellcasting skill increases to level 4!
There is an escape hatch in the floor here.
The orc priest mumbles some strange prayers to Beogh against you.
Beogh smites you!
Casting: Spider Form (safe; 17% risk of failure)
Confirm with . or Enter, or press ? or * to list all spells.
You turn into a venomous arachnid creature.
Your scarf of repulsion melds into your body.
Your +0 pair of boots melds into your body.
The haze of the repulsion field disappears.
The orc priest mumbles some strange prayers to Beogh against you.
Beogh smites you!
* * * LOW HITPOINT WARNING * * *
Your transformation is almost over.
The orc priest misses you.
You hit the orc priest but do no damage.
The orc priest is poisoned.
You are no longer corroded.
The orc priest hits you with a flail!
You die...

#.# #.# #.# #.# #.# #.# #.#
#.# # #.# # #.# ...#o##)##.#
#.# ....o)o....# #.#
...####.####################.#
#.#####.>os............#
#.....o.################
#.####### #.# ..# ####


You could see 2 orc priests.

Vanquished Creatures
  A centaur (D:5)
  A bullfrog zombie (D:5)
  A crimson imp (D:5)
  A jelly (D:5)
  Crazy Yiuf (D:2)
  2 orc wizards (D:5)
  Natasha (thrice) (D:2)
  2 worker ants
  Ijyb (D:3)
  A hound skeleton (D:3)
  3 gnolls
  4 adders
  3 oozes
  An adder skeleton (D:4)
  3 worms
  A dart slug (D:1)
  A leopard gecko (D:3)
  6 orcs (D:5)
  3 ball pythons
  6 bats
  7 giant cockroaches
  16 goblins
  5 hobgoblins
  6 jackals
  A quokka (D:3)
  2 frilled lizards
  A jackal zombie (D:5)
  8 kobolds
  A quokka skeleton (D:5)
  6 rats
98 creatures vanquished.

Notes
Turn   | Place    | Note
-------+----------+-------------------------------------------
     0 | D:1      | Jynx the Draconian Transmuter began the quest for the Orb.
     0 | D:1      | Reached XP level 1. HP: 16/16 MP: 3/3
   265 | D:1      | Reached XP level 2. HP: 17/23 MP: 5/5
   863 | D:1      | Reached XP level 3. HP: 28/28 MP: 6/6
   881 | D:1      | Reached skill level 3 in Transmutations
  1853 | D:2      | Reached XP level 4. HP: 31/35 MP: 7/7
  2002 | D:2      | Noticed Natasha
  2012 | D:2      | Killed Natasha
  2178 | D:2      | Noticed Natasha
  2195 | D:2      | Killed Natasha
  2210 | D:2      | Reached skill level 4 in Transmutations
  2423 | D:2      | Reached XP level 5. HP: 40/40 MP: 9/9
  2698 | D:2      | Found a runed door.
  2705 | D:2      | Learned a level 2 spell: Sticks to Snakes
  2709 | D:2      | Learned a level 3 spell: Spider Form
  2709 | D:2      | Noticed Crazy Yiuf
  2720 | D:2      | HP: 1/60 [Crazy Yiuf/quarterstaff of chaos (3)]
  2722 | D:2      | Killed Crazy Yiuf
  3132 | D:3      | Noticed Ijyb
  3204 | D:3      | Killed Ijyb
  3550 | D:3      | Found a runed gate.
  3552 | D:3      | Found a runed gate.
  3552 | D:3      | Found a runed gate.
  3553 | D:3      | Noticed Nixze's ghost (amateur DEFE)
  3804 | D:3      | Found a glowing silver altar of Zin.
  3969 | D:2      | Noticed Natasha
  3977 | D:2      | Killed Natasha
  3977 | D:2      | Reached XP level 6. HP: 27/47 MP: 3/11
  4731 | D:4      | Found a staircase to the Ecumenical Temple.
  4739 | Temple   | Entered the Ecumenical Temple
  4825 | Temple   | Became a worshipper of Makhleb the Destroyer
  5045 | D:5      | Entered Level 5 of the Dungeon
  5071 | D:5      | Reached skill level 5 in Transmutations
  5187 | D:5      | HP: 1/47 [centaur (7)]
  5630 | D:5      | Found Ozxaaqor's Weapon Shoppe.
  5911 | D:5      | Your scales start taking on a fiery red colour.
  5911 | D:5      | Reached XP level 7. HP: 52/52 MP: 12/12
  5911 | D:5      | Gained mutation: Your flesh is heat resistant. (rF+) [Red
                  | Draconian growth]
  5948 | D:5      | Slain by an orc priest

Skill      XL: |  1  2  3  4  5  6  7 |
---------------+----------------------+-----
Transmutations | 3 4 5 |  5.8
Spellcasting   | 3 4 |  4.0
Unarmed Combat | 4 |  4.7
Fighting       | |  1.1
Dodging        | |  1.7

Action                   |  1- 3 |  4- 6 |  7- 9 || total
-------------------------+-------+-------+-------++-------
Melee: Unarmed           |   123 |   310 |    13 ||   446
       Tailslap          |    12 |    42 |       ||    54
       Kick              |     4 |     8 |       ||    12
       Punch             |     2 |     3 |       ||     5
       Headbutt          |     1 |    18 |     1 ||    20
 Cast: Beastly Appendage |     4 |    15 |     1 ||    20
       Spider Form       |       |     4 |     2 ||     6
  Use: Scroll            |     2 |     3 |       ||     5
 Stab: Sleeping          |     2 |     3 |       ||     5
  Eat: Chunk             |     2 |    15 |       ||    17
Armor: Skin              |    31 |    73 |     3 ||   107
Dodge: Dodged            |    79 |   178 |     6 ||   263
